Map: Central Protocol

Players

Fayt

  • Race: Protoss Protoss

chrisjiii

  • Race: Protoss Protoss

CaveMan

  • Race: Protoss Protoss

CrASh

  • Race: Protoss Protoss

VOD

Have the link to the VOD?

Description

Time

  • Played on: Nov. 11, 2015, 4:27 p.m.
  • Length: 5:01
Show
View Real Time Build Order
Export as new Build Order

Fayt Protoss 

Build Orders:  

Get SALT Encoding   

  12  0:01  Probe (Chrono Boost)  
  13  0:15  Pylon  
  13  0:17  Probe (Chrono Boost)  
  14  0:28  Probe (Chrono Boost)  
  15  0:36  Gateway  
  15  0:38  Probe (Chrono Boost)  
  16  0:49  Probe (Chrono Boost)  
  17  0:52  Assimilator  
  17  0:59  Probe (Chrono Boost)  
  18  1:10  Probe (Chrono Boost)  
  19  1:11  Pylon  
  19  1:21  Probe (Chrono Boost)  
  20  1:26  Cybernetics Core  
  20  1:31  Probe (Chrono Boost)  
  21  1:42  Probe (Chrono Boost)  
  21  1:45  Assimilator  
  22  1:52  Probe (Chrono Boost)  
  22  1:53  Warp Gate  
  23  1:55  Pylon  
  23  2:03  Probe (Chrono Boost)  
  23  2:04  Adept  
  26  2:28  Nexus  
  26  2:42  Probe (Chrono Boost)  
  27  2:49  Adept  
  29  2:54  Probe (Chrono Boost)  
  29  2:56  Pylon  
  31  3:10  Mothership Core (Chrono Boost)  
  31  3:16  Gateway  
  31  3:18  Stalker  
  32  3:50  Probe (Chrono Boost)  
  32  4:02  Probe (Chrono Boost)  
  33  4:03  Gateway  
  33  4:04  Gateway  
  33  4:11  Pylon  
  33  4:14  Probe (Chrono Boost), Pylon  
  33  4:15  Stalker x2  
  38  4:26  Probe (Chrono Boost)  
  37  4:34  Forge  
  38  4:38  Probe (Chrono Boost)  
  38  4:40  Pylon  
  38  4:50  Probe (Chrono Boost)  
Show
View Real Time Build Order
Export as new Build Order

chrisjiii Protoss 

Build Orders: Blink Stalkers 

Get SALT Encoding   

  12  0:01  Probe (Chrono Boost)  
  13  0:11  Probe (Chrono Boost)  
  14  0:17  Pylon  
  14  0:24  Probe (Chrono Boost)  
  15  0:35  Probe (Chrono Boost)  
  16  0:46  Gateway, Probe (Chrono Boost)  
  16  0:49  Assimilator  
  17  0:56  Probe (Chrono Boost)  
  18  1:06  Pylon  
  18  1:07  Probe (Chrono Boost)  
  19  1:21  Probe (Chrono Boost)  
  20  1:32  Cybernetics Core  
  20  1:38  Probe (Chrono Boost)  
  20  1:39  Assimilator  
  21  1:49  Probe (Chrono Boost), Gateway  
  22  1:55  Pylon  
  22  1:59  Probe (Chrono Boost)  
  22  2:01  Warp Gate  
  23  2:13  Stalker  
  25  2:28  Probe (Chrono Boost)  
  25  2:37  Twilight Council  
  25  2:40  Probe (Chrono Boost)  
  26  2:47  Stalker  
  26  2:49  Gateway  
  29  2:52  Probe (Chrono Boost)  
  29  2:57  Stalker  
  31  3:14  Blink (Chrono Boost)  
  31  4:03  Gateway  
  31  4:04  Pylon  
  30  4:15  Stalker x3  
  36  4:34  Pylon  
  36  4:38  Zealot x2  
  36  4:39  Zealot  
Show
View Real Time Build Order
Export as new Build Order

CaveMan Protoss 

Build Orders:  

Get SALT Encoding   

Show
View Real Time Build Order
Export as new Build Order

CrASh Protoss 

Build Orders:  

Get SALT Encoding   

Tags
 
Add a new tag
Caveats
  • Supply blocks, unpowered buildings, or Contaminate may cause inaccurate times.
  • Supply counts are checked every 10 seconds.